 Dungeon Crawl Stone Soup version 0.23.2-1-ga50397a6bc (console) character file.

Game seed: 14251661370996926566

6061 Dragon00 the Fighter (level 10, -4/96 HPs)
             Began as a Minotaur Berserker on May 15, 2019.
             Was a High Priest of Trog.
             Slain by a troll (12 damage)
             ... on level 9 of the Dungeon.
             The game lasted 00:56:28 (8376 turns).

Dragon00 the Fighter (Minotaur Berserker)           Turns: 8376, Time: 00:56:28

Health: -4/96      AC: 14    Str: 27    XL:     10   Next: 57%
Magic:  3/3        EV: 11    Int:  4    God:    Trog [*****.]
Gold:   442        SH:  0    Dex: 13    Spells: 9/9 levels left

rFire    . . .     SeeInvis .   a - +2 executioner's axe (antimagic)
rCold    . . .     Gourm    .   (shield currently unavailable)
rNeg     + . .     Faith    .   s - +1 plate armour
rPois    .         Spirit   .   (helmet restricted)
rElec    .         Reflect  .   (no cloak)
rCorr    .         Harm     .   (no gloves)
MR       .....                  (no boots)
Stlth    ..........             x - amulet of regeneration
HPRegen  0.66/turn              m - ring of positive energy
MPRegen  0.08/turn              f - +5 ring of strength

@: no status effects
A: retaliatory headbutt, horns 2
a: Berserk, Trog's Hand, Brothers in Arms, Renounce Religion


You were on level 9 of the Dungeon.
You worshipped Trog.
Trog was extremely pleased with you.
You were hungry.

You visited 2 branches of the dungeon, and saw 10 of its levels.

You collected 442 gold pieces.

Inventory:

Hand Weapons
 a - a +2 antimagic executioner's axe (weapon)
 b - a +0 hunting sling
 D - a +1 flail of crushing
Missiles
 g - 316 stones (quivered)
 k - 43 sling bullets
Armour
 d - a +0 shield
 s - a +1 plate armour (worn)
Jewellery
 f - a +5 ring of strength (right hand)
 m - a ring of positive energy (left hand)
 x - an amulet of regeneration (around neck)
 C - a +1 ring of protection {unknown}
Wands
 o - a wand of flame (16)
 y - a wand of enslavement (13)
Scrolls
 j - 3 scrolls of identify
 l - 8 scrolls of teleportation
 u - a scroll of fear {unknown}
 v - 2 scrolls of enchant weapon {unknown}
 z - a scroll of immolation {unknown}
 B - 2 scrolls of remove curse
Potions
 e - 2 potions of agility
 h - 2 potions of haste
 i - a potion of brilliance {unknown}
 n - 3 potions of curing
 p - a potion of cancellation {unknown}
 r - 3 potions of mutation {unknown}
 t - a potion of heal wounds {unknown}
 A - a potion of might {unknown}
Comestibles
 c - 17 rations


   Skills:
 * Level 11.4 Fighting
 * Level 11.4 Axes
 + Level 8.3 Armour
 + Level 7.4 Dodging


You had 9 spell levels left.
You didn't know any spells.
Your spell library was empty.

Dungeon Overview and Level Annotations

Branches:
Dungeon (9/15)             Temple (1/1) D:5            Lair (0/6) D:8
    Orc: D:9-12

Altars:
Ashenzari
Cheibriados
Dithmenos
Elyvilon
Fedhas
Gozag
Hepliaklqana
Kikubaaqudgha
Makhleb
Nemelex Xobeh
Okawaru
Qazlal
Ru
Sif Muna
Trog
Uskayaw
Vehumet
Wu Jian
Xom
Yredelemnul
Zin
The Shining One


Innate Abilities, Weirdness & Mutations

You reflexively headbutt those who attack you in melee.
You have a pair of horns on your head.


Message History

You feel better. The troll bites you.
* * * LOW HITPOINT WARNING * * *
The troll claws you.
* * * LOW HITPOINT WARNING * * *
The troll closely misses you.
You hit the troll but do no damage.
You headbutt the troll, but do no damage.
The troll is moderately wounded.
The troll bites you but does no damage.
The troll claws you but does no damage. x2
You barely miss the troll.
The troll is moderately wounded.
The troll bites you.
* * * LOW HITPOINT WARNING * * *
The troll completely misses you.
The troll barely misses you. x2; You furiously retaliate!
You headbutt the troll, but do no damage.
The troll claws you but does no damage. The troll misses you.
You slash the troll! Your headbutt misses the troll.
The troll is severely wounded.
The troll bites you!
You die...

#... #..#
#... #..#
#.(. #..#
#... #..#
#..( #..#
#..( #..#
#... #<.#
#..)##..#
#..T@†..#
#..†....#
......####.#
...... #.#
####. #.. #.
#... # #..##
#..#


You could see a troll.

Vanquished Creatures
  2 two-headed ogres
  Eustachio (D:6)
  Duvessa (D:6)
  An eye of draining (D:5)
  3 orc warriors
  3 sky beasts
  A black bear (D:8)
  4 ice beasts
  2 hornet zombies (D:7)
  5 ogres
  4 centaurs
  A crocodile (D:8)
  A gnoll sergeant (D:7)
  3 scorpions
  3 killer bees (D:8)
  Dowan (D:6)
  9 wights
  8 howler monkeys
  4 crimson imps
  A centaur zombie (D:8)
  2 jellies
  6 orc priests
  6 hounds
  6 orc wizards
  A bullfrog skeleton (D:5)
  2 centaur skeletons
  2 iguanas
  8 worker ants
  A killer bee zombie (D:8)
  12 gnolls
  12 adders
  2 shadow imps
  2 adder skeletons
  2 worms
  A dart slug (D:5)
  2 leopard geckos (D:3)
  21 orcs
  A ball python (D:4)
  5 bats
  3 giant cockroaches
  9 goblins
  5 hobgoblins
  18 jackals
  12 kobolds
  A quokka (D:4)
  5 frilled lizards
  A jackal skeleton (D:6)
  A quokka skeleton (D:4)
  5 rats
212 creatures vanquished.

Vanquished Creatures (others)
  A fungus (D:8)
1 creature vanquished.

Grand Total: 213 creatures vanquished

Notes
Turn   | Place    | Note
-------+----------+-------------------------------------------
     0 | D:1      | Dragon00 the Minotaur Berserker began the quest for the
                  | Orb.
     0 | D:1      | Reached XP level 1. HP: 19/19 MP: 0/0
   346 | D:1      | Reached XP level 2. HP: 20/27 MP: 1/1
  1224 | D:2      | Reached ** piety under Trog
  1320 | D:2      | Reached XP level 3. HP: 33/33 MP: 2/2
  1647 | D:2      | Reached XP level 4. HP: 35/41 MP: 3/3
  2498 | D:3      | Reached skill level 5 in Fighting
  2498 | D:3      | Reached skill level 5 in Axes
  2498 | D:3      | Reached XP level 5. HP: 48/48 MP: 4/4
  3121 | D:4      | Noticed an ogre
  3128 | D:4      | Killed an ogre
  3128 | D:4      | Reached XP level 6. HP: 52/56 MP: 5/5
  3323 | D:4      | Identified the +7 ring mail "Sauxis" {rF++}
  4162 | D:4      | Reached XP level 7. HP: 59/63 MP: 6/6
  4441 | D:5      | Entered Level 5 of the Dungeon
  4696 | D:5      | Found a staircase to the Ecumenical Temple.
  4703 | Temple   | Entered the Ecumenical Temple
  4962 | D:5      | Reached *** piety under Trog
  4988 | D:5      | Reached skill level 5 in Armour
  4994 | D:5      | Reached XP level 8. HP: 73/73 MP: 7/7
  5613 | D:5      | Reached skill level 5 in Dodging
  5615 | D:5      | Noticed a two-headed ogre
  5625 | D:5      | Killed a two-headed ogre
  5823 | D:6      | Noticed Eustachio
  5867 | D:6      | Killed Eustachio
  5867 | D:6      | Reached XP level 9. HP: 79/83 MP: 8/8
  5908 | D:6      | Noticed Dowan
  5909 | D:6      | Noticed Duvessa
  5913 | D:6      | Killed Dowan
  5919 | D:6      | Killed Duvessa
  6154 | D:6      | Reached **** piety under Trog
  6819 | D:7      | Reached skill level 10 in Axes
  6908 | D:7      | Reached skill level 10 in Fighting
  7029 | D:7      | Reached ***** piety under Trog
  7180 | D:7      | Found a radiant altar of Vehumet.
  7409 | D:8      | Noticed a two-headed ogre
  7419 | D:8      | Killed a two-headed ogre
  7419 | D:8      | Reached XP level 10. HP: 94/94 MP: 9/9
  7781 | D:8      | Found a staircase to the Lair.
  7952 | D:8      | Received a gift from Trog
  8298 | D:8      | Found a deep blue altar of Sif Muna.
  8372 | D:9      | HP: 3/96 [troll (11)]
  8376 | D:9      | Slain by a troll

Skill      XL: |  1  2  3  4  5  6  7  8  9 10 |
---------------+-------------------------------+-----
Fighting       | 4 5 6 7 9 10 11 | 11.4
Axes           | 4 5 6 7 9 10 11 | 11.4
Armour         | 3 4 5 6 7 8 |  8.3
Dodging        | 3 4 5 6 7 |  7.4

Action                   |  1- 3 |  4- 6 |  7- 9 | 10-12 || total
-------------------------+-------+-------+-------+-------++-------
Melee: Hand axe          |    63 |   100 |       |       ||   163
       Headbutt          |    11 |    32 |    42 |    30 ||   115
       War axe           |       |    26 |    33 |       ||    59
       Battleaxe         |       |       |   161 |    73 ||   234
       Executioner's axe |       |       |       |    22 ||    22
       Hunting sling     |       |       |       |    20 ||    20
 Fire: Hunting sling     |       |     8 |    95 |    51 ||   154
Throw: Stone             |    36 |    35 |     2 |       ||    73
       Tomahawk          |       |       |       |     8 ||     8
Invok: Berserk           |     1 |       |     4 |       ||     5
  Use: Potion            |     2 |       |       |     1 ||     3
       Scroll            |       |     5 |     4 |       ||     9
  Eat: Chunk             |     2 |     9 |    14 |     3 ||    28
Armor: Ring mail         |    17 |    10 |       |       ||    27
       Animal skin       |     1 |       |       |       ||     1
       Scale mail        |       |    22 |       |       ||    22
       Plate armour      |       |       |   140 |   106 ||   246
Dodge: Dodged            |    20 |    30 |   102 |   104 ||   256
Block: Shield            |    18 |    45 |    19 |       ||    82
